 Dungeon Crawl Stone Soup version 0.27-a0-972-gd1521fd518 (webtiles) character file.

Game seed: 8468656641493484367

37 kae the Ruffian (level 3, -1/28 HPs)
             Began as a Draconian Transmuter on Apr 13, 2021.
             Slain by a worm (9 damage)
             ... on level 2 of the Dungeon.
             The game lasted 00:00:21 (877 turns).

kae the Ruffian (Draconian Transmuter)               Turns: 877, Time: 00:00:21

Health: -1/28      AC:  5    Str: 13    XL:     3   Next: 21%
Magic:  5/6        EV: 12    Int: 13    God:
Gold:   79         SH:  0    Dex: 11    Spells: 5/6 levels left

rFire    . . .     SeeInvis .     - Unarmed
rCold    . . .     Faith    .   (no shield)
rNeg     . . .     Spirit   .   (armour unavailable)
rPois    .         Reflect  .   (helmet currently unavailable)
rElec    .         Harm     .   (no cloak)
rCorr    .         Rampage  .   (no gloves)
Will     .....                  (boots currently unavailable)
Stlth    +.........             (no amulet)
HPRegen  0.09/turn              (no ring)
MPRegen  0.10/turn              (no ring)

@: appendages
A: horns 2, talons 2, AC +5, unfitting armour, cold-blooded
a: End Transformation


You were on level 2 of the Dungeon.
You had temporarily grown beastly horns and talons.
You visited 1 branch of the dungeon, and saw 2 of its levels.

You collected 79 gold pieces.

Inventory:

Scrolls
 a - 3 scrolls of identify {unknown}
 e - a scroll of teleportation {unknown}
 f - a scroll of vulnerability {unknown}
Potions
 b - a potion of curing {unknown}
 c - 3 potions of flight {unknown}
 d - 2 potions of degeneration {unknown}


   Skills:
 + Level 1.4 Fighting
 + Level 2.0 Dodging
 + Level 0.6 Stealth
 * Level 3.4 Unarmed Combat
 + Level 2.1 Spellcasting
 * Level 2.6 Transmutations


You had 5 spell levels left.
You knew the following spells:

 Your Spells              Type           Power      Damage    Failure   Level
a - Beastly Appendage     Tmut           16%        N/A       9%          1

Your spell library contained the following spells:

 Spells                   Type           Power      Damage    Failure   Level
 Wereblood                Tmut           8%         N/A       13%         2
 Spider Form              Tmut/Pois      2%         N/A       41%         3
 Ice Form                 Ice/Tmut       4%         N/A       82%         4
 Hydra Form               Tmut           4%         N/A       94%         5


Dungeon Overview and Level Annotations

Branches:
Dungeon (2/15)

Altars:


Innate Abilities, Weirdness & Mutations

You have temporarily grown beastly horns and talons.
Your plain brown scales are hard. (AC +5)
You cannot fit into any form of body armour.
You are cold-blooded and may be slowed by cold attacks.


Message History

The orc closely misses you.
You hit the orc.
Your tail-slap misses the orc.
The orc is severely wounded.
The orc hits you with a +0 hand axe! The kobold closely misses you.
You are too injured to fight recklessly!
You are too injured to fight recklessly!
You hit the orc.
You kill the orc!
The kobold hits you but does no damage.
You are too injured to fight recklessly!
You are too injured to fight recklessly!
You hit the kobold.
You kill the kobold!
The orc hits you with a +0 short sword.
You are too injured to fight recklessly!
You are too injured to fight recklessly!
Items here: ! )) †.
You are too injured to fight recklessly!
You are too injured to fight recklessly!
You punch the orc!
You kill the orc!
Your horns disappear.
Your talons disappear.
Casting: Beastly Appendage (safe; 9% risk of failure)
Confirm with . or Enter, or press ? or * to list all spells.
You grow a pair of large bovine horns.
Your feet morph into talons.
Items here: ))) [.
Things that are here:
a +0 hand axe; an orc corpse You hit the worm but do no damage.
You claw the worm.
The worm is moderately wounded.
You hit the worm but do no damage.
The worm is moderately wounded.
The worm bites you.
* * * LOW HITPOINT WARNING * * *
You hit the worm but do no damage.
The worm is moderately wounded.
You hit the worm.
The worm is moderately wounded.
The worm bites you!
You die...

#..#.###### ###.## #...#
#.###.# #...# #.. ..#
#...# # ##.. #.# #...#
..#...##.########...###.
..........#.............
.......)#...............
........†.#.............
.#...#@#########...####
## #w# #..#..# #)#
#.###.# #.# .. ..# #.#
..# #.# #.# ..# ... ###


You could see a worm.

Vanquished Creatures
  A dart slug (D:1)
  4 orcs (D:2)
  2 ball pythons (D:2)
  3 bats
  3 endoplasms
  2 giant cockroaches (D:1)
  2 goblins
  2 hobgoblins
  2 quokkas (D:1)
  2 frilled lizards (D:1)
  3 kobolds
  3 rats (D:1)
29 creatures vanquished.

Notes
Turn   | Place    | Note
-------+----------+-------------------------------------------
     0 | D:1      | kae the Draconian Transmuter began the quest for the Orb.
     0 | D:1      | Reached XP level 1. HP: 16/16 MP: 3/3
   211 | D:1      | Reached XP level 2. HP: 23/23 MP: 3/5
   854 | D:2      | Reached XP level 3. HP: 28/28 MP: 3/6
   877 | D:2      | Slain by a worm

Illustrated notes

Levels and vault maps discovered:
D:1:      eino_arrival_cavern_b, layout_rooms, minmay_misc_feat_encased,
          serial_bayou_pond_e, corexii_item_surrounded_by_moat
D:2:      layout_loops_cross, kennysheep_generic_room_14

Skill      XL: |  1  2  3 |
---------------+----------+-----
Dodging        | 2 |  2.0
Fighting       | |  1.4
Stealth        | |  0.6
Unarmed Combat | |  3.4
Spellcasting   | |  2.1
Transmutations | |  2.6

Action                   || total
-------------------------++-------
Melee: Unarmed           ||    65
       Kick              ||    11
       Headbutt          ||     3
       Tailslap          ||     3
 Cast: Beastly Appendage ||    15
Armor: Skin              ||    25
Dodge: Dodged            ||    26

Table legend: (Time is in decaauts)
 A = Elapsed time spent in this place.
 B = Non-inter-level travel time spent in this place.
 C = Inter-level travel time spent in this place.
 D = Time resting spent in this place.
 E = Time spent auto-exploring this place.
 F = Levels seen in this place.
 G = Mean time per level.
                   A        B        C        D        E       F      G
               +--------+--------+--------+--------+--------+-----+--------+
         Total |    875 |    824 |     51 |      0 |    660 |   2 |  437.5 |
       Dungeon |    875 |    824 |     51 |      0 |    660 |   2 |  437.5 |
               +--------+--------+--------+--------+--------+-----+--------+

Top non-repeatable levels by time:
     D:1: 707 daAuts
     D:2: 168 daAuts
